 Dungeon Crawl Stone Soup version 0.19.5 (webtiles) character file.

274 genrtul the Chopper (level 6, -4/56 HPs)
             Began as a Hill Orc Monk on Mar 17, 2017.
             Was a Priest of Zin.
             Slain by Grinder (5 damage)
             ... on level 3 of the Dungeon.
             The game lasted 00:16:06 (3153 turns).

genrtul the Chopper (Hill Orc Monk)                 Turns: 3153, Time: 00:16:07

Health: -4/56      AC: 10    Str: 16    XL:     6   Next: 24%
Magic:  15/15      EV:  7    Int: 10    God:    Zin [***...]
Gold:   136        SH:  0    Dex: 13    Spells: 0 memorised, 5 levels left

rFire  . . .     SeeInvis .     a - +0 hand axe
rCold  . . .     Gourm    .     w - +0 chain mail
rNeg   . . .     Faith    .     (no shield)
rPois  .         Spirit   .     (no helmet)
rElec  .         Reflect  .     (no cloak)
rCorr  +         Harm     .     (no gloves)
MR     .....                    j - +1 pair of boots
Stlth  ..........               (no amulet)
                                v - ring of resist corrosion
                                p - ring of magical power

@: no status effects
A: no striking features
a: Recite, Vitalisation, Imprison, Donate Gold, Renounce Religion


You were on level 3 of the Dungeon.
You worshipped Zin.
Zin was most pleased with you.
You were not hungry.

You visited 1 branch of the dungeon, and saw 3 of its levels.

You collected 151 gold pieces.
You donated 15 gold pieces to Zin.

Inventory:

Hand Weapons
 a - a +0 hand axe (weapon)
 g - a cursed -1 spear
 i - a +2 dagger of venom
Missiles
 f - 2 javelins (quivered)
 o - 21 poisoned needles
Armour
 b - a +0 robe
 j - a +1 pair of boots (worn)
 w - a +0 chain mail (worn)
Jewellery
 p - a ring of magical power (left hand)
 v - a ring of resist corrosion (right hand)
Scrolls
 e - a scroll of fear {unknown}
 l - a scroll of recharging {unknown}
 m - 3 scrolls of blinking {unknown}
 n - a scroll of enchant armour {unknown}
 q - 2 scrolls of remove curse {unknown}
 r - a scroll of enchant weapon {unknown}
 t - a scroll of amnesia {unknown}
 x - a scroll of identify {unknown}
 y - a scroll of fog {unknown}
Potions
 d - 2 potions of brilliance {unknown}
 h - a potion of cure mutation {unknown}
 k - a potion of berserk rage {unknown}
 z - a potion of mutation {unknown}
 A - a potion of invisibility
 C - 2 potions of flight {unknown}
Comestibles
 c - 3 bread rations
 s - a beef jerky
 B - a meat ration


   Skills:
 + Level 5.0 Fighting
 + Level 7.4 Axes
 - Level 0.6 Throwing
 - Level 2.8 Dodging
 - Level 1.6 Stealth
 * Level 1.0 Invocations


You had 5 spell levels left.
You didn't know any spells.

Dungeon Overview and Level Annotations

Branches:
Dungeon (3/15)

Altars:
Dithmenos
Fedhas
Zin

Annotations:
D:2 Natasha
D:3 Grinder


Message History

Your chain mail prevents you from hitting something.
Something hits you.
You closely miss something. Something hits you but does no damage.
You barely miss something. You miss something. Something hits you!
You writhe in agony.
You hit something. Something hits you!
* * * LOW HITPOINT WARNING * * *
You writhe in agony.
* * * LOW HITPOINT WARNING * * *
Grinder appears from thin air!
Reactivating autopickup.
That item cannot be evoked!
Press: ? - help, v - describe, . - travel The floor.
Press: ? - help, Dir - move target cursor, f - Grinder
Aim: Grinder (moderately wounded)
You fail to use your ability.
Grinder hits you.
* * * LOW HITPOINT WARNING * * *
You writhe in agony.
You die...

##.###.≈≈≈≈≈≈#.##
#..##≈≈≈≈≈≈≈≈≈≈≈##
#..#≈≈≈≈≈≈≈≈##≈≈≈#
#.#.≈≈≈≈≈≈≈≈≈≈≈≈≈.
#.#≈≈≈≈≈≈≈≈≈#≈≈#≈≈
##.≈≈≈≈≈≈≈≈≈≈≈≈#≈≈≈
#..≈≈≈#.≈≈...≈≈..≈#
#...≈≈).♣..<.....≈≈
#.@≈≈≈...≈..[≈≈≈♣≈≈
##5≈≈≈≈≈≈≈≈≈≈≈≈.≈≈≈
#..#≈≈#≈≈≈≈≈≈≈≈≈≈≈
#...≈≈≈≈≈≈≈≈≈≈≈≈≈.
#..##≈≈≈≈≈≈≈≈≈≈≈≈#
#.###≈≈≈≈#≈≈≈≈#≈##
#.. ##.≈≈≈≈≈≈≈.###
##. #.##≈≈.≈≈#..#.
# .. ###.###.#..


You could see Grinder.

Vanquished Creatures
  An orc wizard (D:3)
  Natasha (twice) (D:2)
  Robin (D:3)
  6 adders
  An ooze (D:2)
  3 worms (D:2)
  9 dart slugs
  A leopard gecko (D:1)
  7 orcs (D:3)
  4 giant cockroaches (D:2)
  13 goblins
  15 hobgoblins
  6 jackals
  5 kobolds
  A quokka (D:2)
  A ball python (D:1)
  7 bats
  4 frilled lizards
  5 rats
92 creatures vanquished.

Notes
Turn   | Place    | Note
-------+----------+-------------------------------------------
     0 | D:1      | genrtul the Hill Orc Monk began the quest for the Orb.
     0 | D:1      | Reached XP level 1. HP: 19/19 MP: 1/1
    95 | D:1      | Reached XP level 2. HP: 26/27 MP: 2/2
   763 | D:1      | Reached XP level 3. HP: 28/33 MP: 3/3
  1043 | D:2      | Reached skill level 5 in Axes
  1254 | D:2      | Found a glowing silver altar of Zin.
  1298 | D:2      | Reached XP level 4. HP: 24/40 MP: 4/4
  1344 | D:2      | Became a worshipper of Zin the Law-Giver
  1344 | D:2      | Reached * piety under Zin
  1344 | D:2      | Reached ** piety under Zin
  1543 | D:2      | Found a faded altar of an unknown god.
  1543 | D:2      | Found a faded altar of an unknown god.
  1548 | D:2      | Found a faded altar of an unknown god.
  1550 | D:2      | Found a faded altar of an unknown god.
  1553 | D:2      | Found a blossoming altar of Fedhas.
  1979 | D:2      | Noticed Natasha
  1994 | D:2      | Killed Natasha
  1994 | D:2      | Reached skill level 6 in Axes
  1994 | D:2      | Reached XP level 5. HP: 20/47 MP: 5/5
  2282 | D:2      | Noticed Natasha
  2292 | D:2      | Killed Natasha
  2297 | D:3      | Found a shadowy altar of Dithmenos.
  2303 | D:3      | Noticed Robin
  2353 | D:3      | Killed Robin
  2577 | D:3      | Reached skill level 7 in Axes
  2752 | D:3      | Reached skill level 5 in Fighting
  2752 | D:3      | Reached XP level 6. HP: 41/56 MP: 6/6
  2850 | D:3      | Reached *** piety under Zin
  2895 | D:2      | Noticed Natasha
  3085 | D:3      | Reached skill level 1 in Invocations
  3123 | D:3      | Noticed Grinder
  3134 | D:3      | Paralysed by something for 3 turns
  3153 | D:3      | HP: 1/56 [Grinder (5)]
  3153 | D:3      | Slain by Grinder

Skill      XL: |  1  2  3  4  5  6 |
---------------+-------------------+-----
Fighting       | 4 5 |  5.0
Axes           | 5 6 7 |  7.4
Invocations    | 1 |  1.0
Throwing       | |  0.6
Dodging        | |  2.8
Stealth        | |  1.6

Action                   |  1- 3 |  4- 6 || total
-------------------------+-------+-------++-------
Melee: Hand axe          |   119 |   242 ||   361
Throw: Javelin           |     6 |     1 ||     7
Invok: Recite            |       |     2 ||     2
 Stab: Sleeping          |     3 |     2 ||     5
  Eat: Chunk             |     1 |     7 ||     8
Armor: Robe              |    25 |    42 ||    67
       Chain mail        |       |    25 ||    25
Dodge: Dodged            |    68 |   121 ||   189
